Map: 나이트쉐이드 - 래더

Players

DPGCure (Cure)

  • Race: Terran Terran
  • Spawn Location: 11:00

INnoVation - Winner!

  • Race: Terran Terran
  • League: Master
  • Spawn Location: 5:00

Event: StayAtHomestory Cup #1

VOD

Have the link to the VOD?

Description

Time

  • Played on: April 11, 2020, 1:51 p.m.
  • Length: 8:41

All games in this series

Show
View Real Time Build Order
Export as new Build Order

DPGCure Terran 

Build Orders: Reaper Expand 

Get SALT Encoding   

  12  0:00  SCV  
  13  0:12  SCV  
  14  0:17  Supply Depot  
  14  0:25  SCV  
  15  0:38  SCV  
  15  0:39  Barracks  
  15  0:42  Refinery  
  16  0:50  SCV  
  17  1:02  SCV  
  18  1:14  SCV  
  19  1:26  Reaper  
  19  1:27  Orbital Command  
  20  1:39  Command Center  
  20  1:50  Supply Depot  
  21  1:54  SCV  
  21  1:58  Marine  
  22  2:06  SCV  
  23  2:12  Factory  
  23  2:15  Refinery  
  23  2:18  SCV  
  23  2:21  Barracks Reactor  
  24  2:30  SCV  
  25  2:42  SCV  
  26  2:54  SCV  
  26  2:55  Hellion  
  26  2:56  Starport  
  26  2:57  Marine x2  
  31  3:03  Orbital Command  
  31  3:06  SCV  
  32  3:13  Refinery  
  32  3:15  Marine x2  
  32  3:17  Factory Tech Lab  
  32  3:19  SCV  
  35  3:30  SCV  
  35  3:31  SCV  
  37  3:34  Starport Tech Lab  
  37  3:35  Cyclone  
  37  3:36  Supply Depot  
  37  3:38  Marine x2  
  42  3:42  SCV  
  42  3:43  SCV  
  44  3:49  Supply Depot  
  44  3:52  Raven  
  46  3:57  Marine x2  
  46  3:58  SCV x2  
  50  4:07  Siege Tank  
  53  4:10  SCV  
  53  4:11  SCV  
  53  4:16  Supply Depot  
  55  4:17  Marine x2  
  55  4:22  SCV  
  55  4:23  SCV  
  59  4:34  SCV  
  59  4:35  SCV  
  61  4:38  Supply Depot  
  61  4:40  Siege Tank  
  64  4:46  SCV, Marine, Liberator  
  64  4:48  SCV  
  64  4:52  Supply Depot  
  70  4:56  Command Center  
  70  5:00  SCV x2  
  70  5:01  Supply Depot  
  70  5:06  Viking  
  74  5:07  Marine  
  74  5:12  SCV x2  
  74  5:13  Siege Tank  
  80  5:18  Supply Depot  
  80  5:21  Refinery  
  80  5:24  SCV x2  
  80  5:27  Marine  
  83  5:35  Viking  
  85  5:36  Viking, SCV  
  85  5:41  Supply Depot  
  88  5:45  SCV, Marine  
  88  5:47  Siege Tank  
  88  5:48  SCV, Stimpack  
  91  6:04  Barracks  
  91  6:05  Viking  
  91  6:06  Viking  
  91  6:07  Barracks  
  91  6:08  SCV x2  
  95  6:18  Marine  
  93  6:29  Orbital Command  
  87  6:41  SCV x2  
  85  6:52  Marine  
  85  6:53  SCV x2  
  88  7:05  SCV x3  
  88  7:08  Viking  
  91  7:11  Viking  
  89  7:17  SCV x3  
  89  7:21  Barracks Reactor x2  
  89  7:22  Refinery  
  92  7:32  Engineering Bay  
  85  7:38  Viking  
  85  7:41  Viking, Marine  
  90  7:56  Siege Tank  
  90  8:02  Engineering Bay, Barracks  
  90  8:04  Barracks  
  87  8:06  Marine x5  
  89  8:18  SCV  
  89  8:19  SCV x2  
Show
View Real Time Build Order
Export as new Build Order

INnoVation Terran - Winner!

Build Orders: Gas First Reaper Expand 

Get SALT Encoding   

  12  0:00  SCV  
  13  0:13  SCV  
  14  0:16  Supply Depot  
  14  0:25  SCV  
  14  0:27  Refinery  
  15  0:38  SCV  
  16  0:43  Barracks  
  16  0:50  SCV  
  17  1:02  SCV  
  18  1:14  SCV  
  19  1:30  Reaper, Orbital Command  
  20  1:54  Command Center, Factory  
  20  1:58  SCV  
  21  2:05  Reaper  
  22  2:08  Supply Depot  
  22  2:12  Refinery  
  22  2:16  SCV  
  23  2:30  SCV  
  26  2:37  Barracks Reactor, Hellion  
  26  2:42  SCV  
  27  2:49  Starport  
  27  2:54  SCV  
  28  2:59  Factory Tech Lab  
  28  3:06  SCV, Orbital Command  
  28  3:11  Refinery  
  29  3:14  Marine x2  
  29  3:17  Cyclone  
  34  3:20  SCV  
  35  3:28  Starport Tech Lab  
  35  3:32  SCV x2  
  35  3:33  Marine  
  35  3:34  Marine  
  39  3:39  Supply Depot  
  39  3:44  SCV x2  
  39  3:48  Raven  
  43  3:51  Marine x2  
  45  3:57  SCV  
  45  4:00  SCV  
  45  4:01  Supply Depot  
  47  4:05  Siege Tank  
  47  4:09  SCV  
  51  4:11  Marine  
  51  4:13  SCV, Marine  
  54  4:23  Supply Depot  
  54  4:24  SCV  
  54  4:25  SCV  
  54  4:29  Marine  
  54  4:30  Raven  
  54  4:31  Marine  
  60  4:36  SCV  
  60  4:37  SCV  
  62  4:45  Siege Tank  
  65  4:47  Marine  
  65  4:48  Marine  
  65  4:49  Supply Depot  
  65  4:50  SCV x2  
  69  4:58  Command Center  
  69  5:02  SCV  
  69  5:04  Refinery  
  69  5:06  Supply Depot  
  70  5:11  SCV  
  70  5:14  SCV  
  72  5:22  Viking x2, Marine  
  72  5:23  SCV  
  72  5:28  SCV, Siege Tank  
  82  5:32  Supply Depot  
  82  5:35  SCV  
  83  5:45  SCV, Marine  
  83  5:47  SCV  
  85  5:53  Viking x2  
  89  5:57  SCV  
  89  5:59  SCV  
  89  6:01  Supply Depot  
  89  6:03  Siege Tank  
  94  6:09  Marine  
  95  6:11  Orbital Command  
  95  6:14  SCV x2  
  93  6:25  Viking x2  
  93  6:27  Marine  
  93  6:33  SCV  
  93  6:34  SCV  
  95  6:45  Marine, Siege Tank  
  99  6:48  SCV x2  
  98  6:56  Viking x2  
  98  7:01  SCV x2  
  102  7:03  Marine  
  92  7:11  SCV  
  92  7:13  SCV  
  93  7:19  Siege Tank  
  93  7:22  Barracks Tech Lab  
  96  7:24  SCV x2  
  96  7:25  SCV  
  96  7:29  Viking x2  
  103  7:42  SCV x2  
  103  7:43  SCV  
  104  7:53  Siege Tank  
  105  7:59  Viking x2  
  108  8:06  Marine  
  99  8:23  SCV x3  
Tags
 
Add a new tag
Caveats
  • Supply blocks, unpowered buildings, or Contaminate may cause inaccurate times.
  • Supply counts are checked every 10 seconds.